 Dungeon Crawl Stone Soup version 0.30-a0-509-gd016549fea (webtiles) character file.

Game seed: 8492483736559973387

1467 xzight the Magician (level 8, -1/41 HPs)
             Began as a Deep Elf Fire Elementalist on Dec 22, 2022.
             Was an Initiate of Ashenzari.
             Slain by a gnoll sergeant
             ... wielding a +0 spear
              (3 damage)
             ... on level 5 of the Dungeon.
             The game lasted 00:09:30 (5662 turns).

xzight the Magician (Deep Elf Fire Elementalist)    Turns: 5662, Time: 00:09:31

Health: -1/41      AC:  6    Str:  5    XL:     8   Next: 48%
Magic:  15/21      EV: 15    Int: 23    God:    Ashenzari [......]
Gold:   297        SH:  5    Dex: 15    Spells: 19/22 levels left

rFire   + + .      SeeInvis .    A - +6 dagger (freeze)
rCold   . . .      Faith    .    (no shield)
rNeg    . . .      Spirit   .    a - +0 robe
rPois   +          Reflect  +    y - +1 helmet
rElec   +          Harm     .    (no cloak)
rCorr   +          Rampage  .    p - +0 pair of gloves
Will    .....                    w - +0 pair of boots
Stlth   ++........               k - amulet of reflection
HPRegen 0.26/turn                F - ring of fire
MPRegen 0.17/turn                R - ring of resist corrosion

@: mighty, resistant, weakened, attractive
A: no striking features
a: Renounce Religion


You were on level 5 of the Dungeon.
You worshipped Ashenzari.
Ashenzari was noncommittal.
You visited 2 branches of the dungeon, and saw 6 of its levels.

You collected 297 gold pieces.


   Skills:
 + Level 6.7 Dodging
 - Level 2.4 Stealth
 + Level 7.5 Spellcasting
 + Level 5.7 Conjurations
 + Level 6.6 Fire Magic


You had 19 spell levels left.
You knew the following spells:

 Your Spells              Type           Power      Damage    Failure   Level
a - Foxfire               Conj/Fire      100%       2x1d9     1%          1
b - Scorch                Fire           100%       2d10      1%          2

Your spell library contained the following spells:

 Spells                   Type           Power      Damage    Failure   Level
 Static Discharge         Conj/Air       42%        2-4/arc   3%          2
 Inner Flame              Hex/Fire       36%        N/A       5%          3
 Flame Wave               Conj/Fire      54%        2d13      5%          4
 Kindle Blastsparks       Fire/Tloc/Air  56%        2d14      9%          3
 Fireball                 Conj/Fire      27%        3d12      16%         5
 Iskenderun's Battlesphe  Conj           35%        2d9       19%         5
 Gell's Gravitas          Tloc           8%         N/A       22%         3
 Lesser Beckoning         Tloc           16%        N/A       22%         3
 Portal Projectile        Hex/Tloc       16%        N/A       22%         3
 Teleport Other           Tloc           8%         N/A       22%         3
 Tukima's Dance           Hex            8%         N/A       22%         3
 Vhi's Electric Charge    Tloc/Air       16%        N/A       22%         3
 Arcjolt                  Conj/Air       10%        1d20      52%         5
 Lightning Bolt           Conj/Air       10%        1d23      52%         5
 Blade Hands              Tmut           4%         N/A       90%         5
 Conjure Ball Lightning   Conj/Air       10%        3x3d7     98%         6
 Orb of Destruction       Conj           17%        9d7       99%         7

Inventory:

Hand Weapons
 A - a +6 dagger of freezing (weapon)
Missiles
 q - a throwing net {=f}
Armour
 a - a +0 robe (worn)
 p - a +0 pair of gloves (worn)
 w - a +0 pair of boots (worn)
 y - a +1 helmet (worn)
Jewellery
 k - an amulet of reflection (around neck)
 C - a ring of ice
 F - a ring of fire (left hand)
 R - a ring of resist corrosion (right hand)
Wands
 t - a wand of light (3)
Scrolls
 e - 3 scrolls of teleportation {@r2}
 f - a scroll of noise {unknown}
 j - 2 scrolls of enchant weapon
 l - a scroll of identify {unknown}
 o - a scroll of torment {unknown}
 s - a scroll of magic mapping {unknown}
 u - a scroll of blinking {unknown}
Potions
 b - a potion of magic
 c - a potion of flight {unknown}
 d - a potion of resistance
 g - a potion of ambrosia {unknown}
 h - a potion of heal wounds {unknown}
 i - a potion of degeneration {unknown}
 m - a potion of brilliance {unknown}
 n - a potion of lignification {unknown}
 r - a potion of attraction
 v - a potion of might
 x - a potion of invisibility {unknown}
 z - a potion of mutation {unknown}

Dungeon Overview and Level Annotations

Branches:
Dungeon (5/15)             Temple (1/1) D:4

Altars:
Ashenzari
Elyvilon
Fedhas
Gozag
Kikubaaqudgha
Makhleb
Nemelex Xobeh
Trog
Vehumet
Wu Jian
Yredelemnul
Zin

Annotations:
D:4 2 exclusions

▒.>#...▒ .....
▒......▒ .....
#▒.#§#..▒
##...####(.###..▒
.....§.§(........▒
.....§............▒
#...##g.....###...▒
##....ggh......#..▒
#....@..........▒
#......#.........
#......####.....#
#...... #...##
#....## # #....
#... ####


You could see a gnoll sergeant (swift), a gnoll bouda (fast, combustible), a
hound and a gnoll (swift).


Message History

The hound closely misses you.
The gnoll bouda hits you with a +0 whip.
* * * LOW HITPOINT WARNING * * *
It was a potion of might.
You feel very mighty all of a sudden. The hound closely misses you.
The gnoll bouda misses you.
The gnoll sergeant hits you from afar with a +0 spear.
* * * LOW HITPOINT WARNING * * *
The gnoll hits you but does no damage. The hound barely misses you.
The gnoll bouda hits you with a +0 whip.
* * * LOW HITPOINT WARNING * * *
It was a potion of attraction.
You feel attractive to monsters.
Your surroundings seem slightly different.
The hound is no longer more vulnerable to fire.
The gnoll bouda gazes fiercely through you!
You feel your attacks grow feeble.
The gnoll bouda is attracted toward you.
The gnoll sergeant is attracted toward you.
The gnoll is attracted toward you.
It was a potion of resistance.
You feel protected.
The gnoll bouda hits you with a +0 whip.
* * * LOW HITPOINT WARNING * * *
The gnoll hits you from afar with a +0 spear of freezing.
* * * LOW HITPOINT WARNING * * *
The gnoll freezes you.
* * * LOW HITPOINT WARNING * * *
The gnoll sergeant hits you with a +0 spear.
You die...

Skill      XL: |  1  2  3  4  5  6  7  8 |
---------------+-------------------------+-----
Dodging        | 3 4 5 6 |  6.7
Conjurations   | 2 3 4 5 |  5.7
Spellcasting   | 4 5 6 7 |  7.5
Fire Magic     | 4 5 6 |  6.6
Stealth        | |  2.4

Action                   |  1- 3 |  4- 6 |  7- 9 || total
-------------------------+-------+-------+-------++-------
 Cast: Foxfire           |    47 |   117 |    41 ||   205
       Scorch            |     4 |    19 |    61 ||    84
  Use: Scroll            |       |       |     4 ||     4
       Potion            |       |       |     3 ||     3
Armor: Robe              |       |    11 |    18 ||    29
Dodge: Dodged            |     2 |    39 |    48 ||    89
Block: Other             |       |    13 |    12 ||    25

Levels and vault maps discovered:
D:1:      lemuel_arrival_cross, layout_loops_corners, serial_bayou,
          serial_bayou_crossing, serial_bayou_pond_e, serial_bayou_lagoon_b,
          serial_bayou_shore_a, serial_bayou_pond_a
D:2:      minmay_evil_eye, layout_basic, grunt_decor_mini_mirrors, uniq_jessica,
          uniq_terence
D:3:      layout_basic, uniq_grinder
D:4:      layout_gridville, lemuel_mausoleum_altar_yredelemnul,
          minmay_temple_entry_overgrown, uniq_menkaure
D:5:      layout_cave_pools, mainiacjoe_overflow_tiny_flanked, serial_shops,
          nicolae_shop_advertising_works [nicolae_subvault_shop_adworks],
          serial_gnoll_camp, gnoll_camp_mini_hut, gnoll_camp_medium_01,
          gnoll_camp_mini_hut, gnoll_camp_medium_02, gnoll_camp_mini_loothouse,
          gnoll_camp_mini_basic
Temple:   cyrus_circular_temple

Notes
Turn   | Place    | Note
-------+----------+-------------------------------------------
     0 | D:1      | xzight the Deep Elf Fire Elementalist began the quest for
                  | the Orb.
     0 | D:1      | Reached XP level 1. HP: 10/10 MP: 6/6
  1034 | D:2      | Reached XP level 2. HP: 15/15 MP: 1/8
  1100 | D:2      | Learned a level 2 spell: Scorch
  1249 | D:2      | Noticed Jessica
  1254 | D:2      | Killed Jessica
  1255 | D:2      | Reached skill level 3 in Dodging
  1255 | D:2      | Reached XP level 3. HP: 3/19 MP: 6/10
  1328 | D:2      | Noticed Terence
  1337 | D:2      | Killed Terence
  1338 | D:2      | Reached skill level 2 in Conjurations
  1481 | D:2      | Reached XP level 4. HP: 24/24 MP: 9/11
  1514 | D:2      | Reached skill level 4 in Spellcasting
  1514 | D:2      | Reached skill level 4 in Fire Magic
  2601 | D:3      | Reached XP level 5. HP: 9/28 MP: 5/13
  2786 | D:3      | Noticed Grinder
  2845 | D:3      | Killed Grinder
  2846 | D:3      | Reached skill level 4 in Dodging
  2846 | D:3      | Reached skill level 5 in Spellcasting
  2846 | D:3      | Reached skill level 3 in Conjurations
  2846 | D:3      | Reached XP level 6. HP: 32/32 MP: 2/15
  3463 | D:4      | Reached skill level 5 in Fire Magic
  3678 | D:4      | Noticed Menkaure
  3682 | D:4      | Killed Menkaure
  3683 | D:4      | Reached skill level 5 in Dodging
  3683 | D:4      | Reached skill level 4 in Conjurations
  3683 | D:4      | Reached XP level 7. HP: 20/36 MP: 14/17
  3838 | D:4      | Noticed a yak
  3838 | D:4      | Noticed a yak
  4034 | D:4      | Found a staircase to the Ecumenical Temple.
  4064 | Temple   | Entered the Ecumenical Temple
  4077 | Temple   | Became a worshipper of Ashenzari the Shackled
  4123 | D:4      | Reached skill level 6 in Spellcasting
  4201 | D:4      | Noticed a yak
  4202 | D:4      | Noticed a yak
  4581 | D:4      | Found a basalt altar of Yredelemnul.
  4651 | D:4      | Reached skill level 6 in Fire Magic
  4695 | D:4      | Reached skill level 6 in Dodging
  4695 | D:4      | Reached skill level 5 in Conjurations
  4695 | D:4      | Reached XP level 8. HP: 33/41 MP: 15/20
  4867 | D:4      | Reached skill level 7 in Spellcasting
  5206 | D:5      | Entered Level 5 of the Dungeon
  5662 | D:5      | Identified 2 potions of resistance
  5662 | D:5      | HP: 3/41 [gnoll/+0 spear of freezing (2)]
  5662 | D:5      | Slain by a gnoll sergeant

Vanquished Creatures
  Grinder (D:3)
  Menkaure (D:4)
  A water moccasin (D:5)
  A necrophage (D:4)
  2 scorpions
  5 wights (D:4)
  A centaur zombie (D:4)
  A human zombie (D:4)
  A jelly (D:4)
  A bullfrog zombie (D:4)
  3 hounds
  A gnoll bouda (D:4)
  Jessica (D:2)
  An iguana (D:4)
  Terence (D:2)
  An orc wizard (D:3)
  A scorpion zombie (D:4)
  2 mummies (D:4)
  10 gnolls
  3 adders
  4 worms
  2 dart slugs
  8 orcs
  3 endoplasms (D:3)
  2 giant cockroaches
  5 goblins
  8 hobgoblins
  7 jackals
  2 quokkas (D:2)
  6 ball pythons
  3 bats
  7 frilled lizards
  7 kobolds
  A rat (D:2)
104 creatures vanquished.

Vanquished Creatures (collateral kills)
  A foxfire (D:1)
1 creature vanquished.

Vanquished Creatures (others)
  353 foxfires
  A plant (D:4)
354 creatures vanquished.

Grand Total: 459 creatures vanquished

Table legend: (Time is in decaauts)
 A = Elapsed time spent in this place.
 B = Non-inter-level travel time spent in this place.
 C = Inter-level travel time spent in this place.
 D = Time resting spent in this place.
 E = Time spent auto-exploring this place.
 F = Levels seen in this place.
 G = Mean time per level.
                   A        B        C        D        E       F      G
               +--------+--------+--------+--------+--------+-----+--------+
         Total |   5702 |   5531 |    171 |   1059 |   3519 |   6 |  950.3 |
       Dungeon |   5676 |   5518 |    158 |   1059 |   3517 |   5 | 1135.2 |
        Temple |     26 |     13 |     13 |      0 |      2 |   1 |   26.0 |
               +--------+--------+--------+--------+--------+-----+--------+

Top non-repeatable levels by time:
     D:4: 1935 daAuts
     D:2: 1400 daAuts
     D:1: 1062 daAuts
     D:3: 1027 daAuts
     D:5: 249 daAuts
  Temple: 26 daAuts

Table legend:
 A = Non-vault XP
 B = Vault XP
 C = Vault XP percentage of total XP
 D = Non-vault monster count
 E = Vault monster count
 F = Vault count percentage of total count
                 A         B        C        D         E       F
            +---------+---------+-------+---------+---------+-------
      Total |     757 |    1339 |  63.9 |      77 |      27 |  26.0
            +---------+---------+-------+---------+---------+-------
        D:1 |       9 |       0 |   0.0 |       7 |       0 |   0.0
        D:2 |      62 |      84 |  57.5 |      19 |       6 |  24.0
        D:3 |     122 |     272 |  69.0 |      24 |       1 |   4.0
        D:4 |     334 |     840 |  71.6 |      23 |      14 |  37.8
        D:5 |     230 |     143 |  38.3 |       4 |       6 |  60.0
            +---------+---------+-------+---------+---------+-------
